 Dungeon Crawl Stone Soup version 0.28.0-53-g5a82cb258f (webtiles) character file.

Game seed: 6768612984595695106

916 Cape the Skirmisher (level 7, 0/66 HPs)
             Began as a Minotaur Berserker on Aug 11, 2022.
             Was a Priest of Trog.
             Slain by an ogre
             ... wielding a +0 giant spiked club
              (14 damage)
             ... on level 5 of the Dungeon on Aug 12, 2022.
             The game lasted 00:14:50 (5333 turns).

Cape the Skirmisher (Minotaur Berserker)            Turns: 5333, Time: 00:14:50

Health: 0/66       AC:  7    Str: 29    XL:     7   Next: 83%
Magic:  6/6        EV: 11    Int:  4    God:    Trog [***...]
Gold:   202        SH:  0    Dex: 10    Spells: 6/6 levels left

rFire   . . .      SeeInvis .   o - +4 long sword (vorpal)
rCold   . . .      Faith    .   (no shield)
rNeg    . . .      Spirit   .   g - +0 scale mail
rPois   +          Reflect  .   (helmet restricted)
rElec   .          Harm     .   (no cloak)
rCorr   .          Rampage  .   (no gloves)
Will    .....                   (no boots)
Stlth   ..........              (no amulet)
HPRegen 0.21/turn               s - ring of poison resistance
MPRegen 0.10/turn               p - +6 ring of strength

@: no status effects
A: horns 2, retaliatory headbutt
a: Renounce Religion, Berserk, Trog's Hand


You were on level 5 of the Dungeon.
You worshipped Trog.
Trog was most pleased with you.
You visited 1 branch of the dungeon, and saw 5 of its levels.

You collected 202 gold pieces.

Inventory:

Hand Weapons
 a - a +0 hand axe
 o - a +4 vorpal long sword (weapon)
Missiles
 l - 10 poisoned darts (quivered)
Armour
 g - a +0 scale mail (worn)
Jewellery
 p - a +6 ring of strength (right hand)
 s - a ring of poison resistance (left hand)
Wands
 f - a wand of flame (22)
 r - a wand of acid (13)
Scrolls
 b - a scroll of enchant weapon {unknown}
 c - 2 scrolls of magic mapping
 e - a scroll of silence {unknown}
 h - a scroll of blinking {unknown}
 i - a scroll of summoning {unknown}
 q - a scroll of vulnerability {unknown}
Potions
 d - 3 potions of curing
 j - 2 potions of brilliance
 k - a potion of cancellation
 m - a potion of degeneration
 n - 3 potions of lignification
 t - 2 potions of haste {unknown}
 u - 2 potions of heal wounds {unknown}


   Skills:
 * Level 7.2 Fighting
 + Level 2.5 Long Blades
 - Level 5.6 Axes
 + Level 5.1 Armour
 + Level 4.4 Dodging
 + Level 1.8 Evocations


You had 6 spell levels left.
You didn't know any spells.
Your spell library was empty.

Dungeon Overview and Level Annotations

Branches:
Dungeon (5/15)
 Temple: D:4-7

Altars:
The Shining One

Shops:
D:3 *


Innate Abilities, Weirdness & Mutations

You have a pair of horns on your head.
You reflexively headbutt those who attack you in melee.


Message History

The puff of flame hits you!
You slash Sigmund!
You kill Sigmund!
Trog accepts your kill.
Trog appreciates your killing of a magic user.
Your Fighting skill increases to level 7!
Your Armour skill increases to level 5!
Things that are here:
a +0 scythe; a +0 robe; the human corpse of Sigmund You feel a strong urge to attack something.
You start resting.
You feel your anger nearly subside.
You are no longer berserk.
You are exhausted.
You feel yourself slow down.
You start resting.
You feel yourself speed up.
You start resting.
You recover from your berserk rage.
Things that are here:
a +0 scythe; a +0 robe; the human corpse of Sigmund
Things that are here:
a +0 scythe; a +0 robe; the human corpse of Sigmund Hit: o) +4 long sword (vorpal)
Press: ? - help, Dir - move target, f - you
Okay, then.
There is a stone staircase leading up here.
An ogre comes into view. It is wielding a +0 giant spiked club.
Found a stone staircase leading down.
Found a stone staircase leading down.
The ogre barely misses you.
You barely miss the ogre.
The ogre hits you with a +0 giant spiked club!!
You slash the ogre!
The ogre is severely wounded.
The ogre hits you with a +0 giant spiked club!!
* * * LOW HITPOINT WARNING * * *
You hit the ogre.
The ogre is almost dead.
The ogre hits you with a +0 giant spiked club!
You die...

#..............#
#..............#
##......######.##
#.......## #####
.........### ###.#######
..####.....###..........
### ###..............>.
##<.>............
###.....@O...>.#
#.............
######....######...
####........## .
##...........#
##..######...## #..##
##### ..## .##


You could see an ogre.

Vanquished Creatures
  Grinder (D:5)
  Sigmund (D:5)
  2 ogres (D:5)
  A phantom (D:5)
  A centaur zombie (D:5)
  A hound (D:5)
  Ijyb (D:4)
  2 iguanas (D:5)
  5 adders
  2 ufetubi
  2 worms (D:3)
  2 dart slugs
  10 orcs
  4 bats
  7 endoplasms
  4 giant cockroaches
  8 goblins
  9 hobgoblins
  6 quokkas
  14 ball pythons
  6 frilled lizards
  2 kobolds (D:4)
  5 rats
96 creatures vanquished.

Notes
Turn   | Place    | Note
-------+----------+-------------------------------------------
     0 | D:1      | Cape the Minotaur Berserker began the quest for the Orb.
     0 | D:1      | Reached XP level 1. HP: 19/19 MP: 0/0
   189 | D:1      | Found a faded altar of an unknown god.
   198 | D:1      | Reached XP level 2. HP: 17/27 MP: 1/1
   655 | D:1      | Reached skill level 4 in Fighting
   991 | D:1      | Reached ** piety under Trog
  1190 | D:2      | Reached XP level 3. HP: 29/33 MP: 2/2
  1267 | D:2      | You fall into a shaft and drop 1 floor!
  2177 | D:3      | Reached XP level 4. HP: 40/41 MP: 3/3
  2531 | D:3      | Found Xeddat's Assorted Antiques.
  3335 | D:4      | Noticed Ijyb
  3346 | D:4      | Killed Ijyb
  3347 | D:4      | Reached skill level 5 in Fighting
  3347 | D:4      | Reached XP level 5. HP: 41/48 MP: 4/4
  3530 | D:4      | Reached *** piety under Trog
  3588 | D:4      | Noticed an ogre
  3605 | D:4      | Noticed an ogre
  3626 | D:5      | Entered Level 5 of the Dungeon
  3630 | D:5      | Killed an ogre
  3631 | D:5      | Reached skill level 5 in Axes
  3632 | D:5      | Reached XP level 6. HP: 43/56 MP: 5/5
  4471 | D:5      | Reached skill level 6 in Fighting
  4947 | D:5      | Noticed Grinder
  4963 | D:5      | Killed Grinder
  4964 | D:5      | Reached skill level 1 in Long Blades
  4964 | D:5      | Reached skill level 1 in Evocations
  4964 | D:5      | Reached XP level 7. HP: 55/64 MP: 6/6
  5208 | D:5      | Found a glowing golden altar of the Shining One.
  5209 | D:5      | Noticed Sigmund
  5215 | D:5      | Killed Sigmund
  5216 | D:5      | Reached skill level 7 in Fighting
  5216 | D:5      | Reached skill level 5 in Armour
  5333 | D:5      | Slain by an ogre

Illustrated notes

Levels and vault maps discovered:
D:1:      roderic_dead_forest, layout_loops_ring,
          hellmonk_ecumenical_altar_crossroads
D:2:      layout_basic
D:3:      minmay_wonky_spiral, layout_basic, serial_shops,
          nicolae_shop_overgrown_old_shop, minivault_5, hangedman_feature_mirror
D:4:      layout_basic, minmay_checkerbox, uniq_ijyb
D:5:      layout_layer_cave, mainiacjoe_overflow_alcove_2, dk_noncrumbling_4,
          uniq_grinder, uniq_sigmund

Skill      XL: |  1  2  3  4  5  6  7 |
---------------+----------------------+-----
Armour         | 3 4 5 |  5.1
Fighting       | 4 5 6 7 |  7.2
Axes           | 4 5 |  5.6
Dodging        | 3 4 |  4.4
Long Blades    | 1 2 |  2.5
Evocations     | 1 |  1.8

Action                   |  1- 3 |  4- 6 |  7- 9 || total
-------------------------+-------+-------+-------++-------
Melee: Hand axe          |    95 |   107 |       ||   202
       Headbutt          |    10 |    14 |     2 ||    26
       Punch             |     2 |     2 |       ||     4
       Long sword        |       |    14 |    11 ||    25
Throw: Dart              |       |     3 |       ||     3
Invok: Berserk           |       |     4 |     1 ||     5
  Use: Scroll            |       |     7 |       ||     7
Armor: Animal skin       |     5 |       |       ||     5
       Scale mail        |    26 |    68 |       ||    94
Dodge: Dodged            |    52 |    78 |     4 ||   134
